 Dungeon Crawl Stone Soup version 0.17.1-1-g73c8601 (webtiles) character file.

88 DeXoteric the Chopper (level 4, 0/41 HPs)
             Began as a Hill Orc Chaos Knight on Dec 19, 2015.
             Slain by an orc
             ... wielding a +0 spear of chaos
              (19 damage)
             ... on level 2 of the Dungeon.
             The game lasted 00:03:35 (1544 turns).

DeXoteric the Chopper (Hill Orc Chaos Knight)       Turns: 1544, Time: 00:03:35

Health: 0/41       AC:  5    Str: 15    XL:     4   Next: 54%
Magic:  4/4        EV: 11    Int: 12    God:    Xom [....*.]
Gold:   153        SH:  0    Dex: 10    Spells: 0 memorised, 3 levels left

rFire  . . .     SeeInvis .     a - +0 hand axe (chaos)
rCold  . . .     Clarity  .     b - +2 leather armour
rNeg   . . .     SustAt   .     (no shield)
rPois  .         Gourm    .     (no helmet)
rElec  .         Spirit   .     (no cloak)
rCorr  .         Warding  .     (no gloves)
rMut   .         Stasis   .     (no boots)
MR     .....                    (no amulet)
Stlth  +.........               (no ring)
                                (no ring)

@: lethally poisoned (0 -> -1), drained, not resistant to hostile enchantments,
very unstealthy
A: no striking features
a: Renounce Religion


You were on level 2 of the Dungeon.
You worshipped Xom.
You were a beloved toy of Xom.
You were not hungry.

You visited 1 branch of the dungeon, and saw 2 of its levels.

You collected 153 gold pieces.

Inventory:

Hand Weapons
 a - a +0 hand axe of chaos (weapon)
Armour
 b - a +2 leather armour (worn)
Scrolls
 d - 5 scrolls of identify {unknown}
 e - a scroll of noise {unknown}
 h - 4 scrolls of remove curse {unknown}
 i - 2 scrolls of teleportation {unknown}
 k - a scroll of blinking {unknown}
Potions
 l - 2 potions of poison {unknown}
 m - a potion of haste {unknown}
Comestibles
 c - a bread ration
 f - a chunk of flesh
 g - a beef jerky
 j - 2 meat rations


   Skills:
 + Level 4.4(4.1) Fighting
 * Level 6.2(6.0) Axes
 - Level 2.1(1.9) Armour
 - Level 0.7(0.5) Dodging


You had 3 spell levels left.
You didn't know any spells.

Dungeon Overview and Level Annotations

Branches:
Dungeon (2/15)

Altars:
Qazlal
Xom


Message History

An orc is nearby!
You now have 153 gold pieces (gained 5).
You feel sick.
You feel sick.
You enter the shallow water.
Moving in this stuff is going to be slow.
You feel sick.
You enter the shallow water.
Moving in this stuff is going to be slow.
There is a fountain of sparkling water here.
You feel sick. The orc barely misses you.
There is a fountain of sparkling water here.
You hit the orc but do no damage. You drain the orc!
The orc splashes around in the water.
You completely miss the orc. The orc hits you with a spear of chaos.
* * * LOW HITPOINT WARNING * * *
You are electrocuted!
You die... "Huh?
Did I miss anything?"

########## ##........#
##..######.######
#..###≈..)#.≈≈#≈##
.§##...≈).#.#≈⌠..##
.########.#)#.≈.≈≈##
.##.#.....#≈#.≈#o≈≈#
)#.#.##≈#≈#..##.o..####
.##...#≈#.≈#≈.##..≈#..#
##≈.#.#.#..≈##..≈..##.#
.##≈...##.####≈##.###.#
#.##....#.#≈#≈..### #[#
...##_..≈≈.≈#.≈.# #.#
#.############### #.#
....##.### #.#
.......... #.###


You could see an orc.

Vanquished Creatures
  4 gnolls
  2 adders (D:2)
  A giant gecko (D:2)
  4 giant cockroaches
  2 hobgoblins (D:2)
  4 jackals (D:1)
  A kobold (D:1)
  A quokka (D:2)
  4 bats
  4 goblins
  5 rats (D:2)
32 creatures vanquished.

Notes
Turn   | Place    | Note
--------------------------------------------------------------
     0 | D:1      | DeXoteric the Hill Orc Chaos Knight began the quest for the Orb.
     0 | D:1      | Reached XP level 1. HP: 19/19 MP: 1/1
     8 | D:1      | Reached XP level 2. HP: 20/27 MP: 2/2
   516 | D:1      | XOM: harmless Divn miscast
   784 | D:1      | Reached skill level 5 in Axes
   784 | D:1      | Reached XP level 3. HP: 33/33 MP: 3/3
   960 | D:2      | Found a stormy altar of Qazlal.
   960 | D:2      | Noticed a fire elemental
   961 | D:2      | Noticed an earth elemental
   961 | D:2      | Noticed an air elemental
   961 | D:2      | Noticed a water elemental
  1328 | D:2      | Reached XP level 4. HP: 40/40 MP: 4/4
  1357 | D:2      | XOM: colour smoke trail
  1423 | D:2      | Reached skill level 6 in Axes
  1425 | D:2      | XOM: confuse monster(s)
  1515 | D:2      | Found a shimmering altar of Xom.
  1544 | D:2      | Slain by an orc

Action                   |  1- 3 |  4- 6 || total
-------------------------+-------+-------++-------
Melee: Hand axe          |    92 |    20 ||   112
 Stab: Confused          |       |     1 ||     1
  Eat: Chunk             |     1 |     1 ||     2
